 Dungeon Crawl Stone Soup version 0.30-a0-528-g8c47a4955b (webtiles) character file.

Game seed: 11441640022324845837

50 NinjaNoafa the Covert (level 3, -10/35 HPs)
             Began as a Gnoll Delver on Dec 24, 2022.
             Mangled by an ogre
             ... wielding a +0 giant club
              (23 damage)
             ... on level 4 of the Dungeon.
             The game lasted 00:02:29 (436 turns).

NinjaNoafa the Covert (Gnoll Delver)                 Turns: 436, Time: 00:02:29

Health: -10/35     AC:  4    Str: 11    XL:     3   Next: 79%
Magic:  4/4        EV: 13    Int:  9    God:
Gold:   37         SH:  0    Dex: 15    Spells: 4/4 levels left

rFire   . . .      SeeInvis .    a - +0 short sword
rCold   . . .      Faith    .    (no shield)
rNeg    . . .      Spirit   .    b - +0 leather armour
rPois   .          Reflect  .    (no helmet)
rElec   .          Harm     .    (no cloak)
rCorr   .          Rampage  .    (no gloves)
Will    .....                    f - +0 pair of boots
Stlth   ++++                     (no amulet)
HPRegen 0.25/turn                k - ring of flight
MPRegen 0.09/turn                (no ring)

@: flying
A: fangs 1, strong nose, distributed training, iridescent scales 1, deformed
body, wild magic 1, evolution 1
a: no special abilities


You were on level 4 of the Dungeon.
You visited 1 branch of the dungeon, and saw 2 of its levels.

You collected 37 gold pieces.

Inventory:

Hand Weapons
 a - a +0 short sword (weapon)
Missiles
 h - 8 stones
 j - 8 poisoned darts (quivered)
Armour
 b - a +0 leather armour (worn)
 f - a +0 pair of boots (worn)
Jewellery
 k - a ring of flight (left hand)
Wands
 g - a wand of digging (3)
Scrolls
 c - a scroll of fog
 d - a scroll of magic mapping
Potions
 l - a potion of brilliance


   Skills:
 + Level 6.5 Fighting
 + Level 4.6 Short Blades
 + Level 1.0 Long Blades
 + Level 1.0 Axes
 + Level 1.0 Maces & Flails
 + Level 1.0 Polearms
 + Level 1.0 Staves
 + Level 1.0 Ranged Weapons
 + Level 1.0 Throwing
 + Level 1.0 Armour
 + Level 4.6 Dodging
 + Level 9.6 Stealth
 + Level 1.0 Shields
 + Level 1.0 Unarmed Combat
 + Level 1.0 Spellcasting
 + Level 0.7 Conjurations
 + Level 0.7 Hexes
 + Level 0.7 Summonings
 + Level 0.7 Necromancy
 + Level 0.7 Translocations
 + Level 0.7 Transmutations
 + Level 0.7 Fire Magic
 + Level 0.7 Ice Magic
 + Level 0.7 Air Magic
 + Level 0.7 Earth Magic
 + Level 0.7 Poison Magic
 + Level 1.0 Invocations
 + Level 1.0 Evocations


You had 4 spell levels left.
You didn't know any spells.
Your spell library contained the following spells:

 Spells                   Type           Power      Damage    Failure   Level
 Gell's Gravitas          Tloc           2%         N/A       80%         3
 Lesser Beckoning         Tloc           4%         N/A       80%         3
 Teleport Other           Tloc           2%         N/A       80%         3


Dungeon Overview and Level Annotations

Branches:
Dungeon (5/15)
 Temple: D:4-7

Altars:

Annotations:
D:4 Sigmund
D:5 Pikel


Innate Abilities, Weirdness & Mutations

You have very sharp teeth.
Your uncanny sense of smell can sniff out nearby items.
Your experience applies equally to all skills.
You are partially covered in iridescent scales. (AC +2)
Armour fits poorly on your strangely shaped body.
Your spells are a little harder to cast, but a little more powerful.
You have hidden genetic potential.


Message History

Sigmund seems less brilliant.
Sigmund gestures wildly while chanting.
Sigmund flickers and vanishes!
Deactivating autopickup; reactivate with Ctrl-A.
You hear a zap.
Some rock shatters into small pieces.
You hear a zap.
Some rock shatters into small pieces.
You hear a shout!
You hear a zap.
Some rock shatters into small pieces.
Something hits you!
Things that are here:
a +0 short sword; a kobold corpse A magic dart appears from out of thin air!
The magic dart hits you!
* * * LOW HITPOINT WARNING * * *
It was a potion of heal wounds.
You feel much better.
It was a potion of mutation.
You feel extremely strange.
You feel weaker.
You hear some strange, mumbled words.
Something tries to affect you, but you resist.
The ogre hits you with a +0 giant club!
Really quaff the potion of mutation?
You feel extremely strange.
You feel stronger.
You feel a hidden potential growing inside you.
Your body twists and deforms.
You feel less in control of your magic.
Iridescent scales grow over part of your body.
Something hits you! The ogre closely misses you.
Something completely misses you. The ogre closely misses you.
You hit something but do no damage.
You hear some strange, mumbled words.
A puff of flame appears from out of thin air!
The puff of flame misses you.
You closely miss something. Something hits you but does no damage.
The ogre hits you with a +0 giant club!!
Ouch! That really hurt!
You die...

..############.# .....# #...
####............##### ....# ....
................{...##.##..##....
......................#.#........
.....###..####...........##...#..
#..###.......####....w...........
#...............###............##
#...........)..{..#........#+#...
###.............@.#..............
..#.##.......###O.##.....#.......
.....####.####.....#....##.......
...................#..####.#..<..
...................#### ..#.....
####...........##### ........
#############


You could see an ogre.

Vanquished Creatures
  A jelly (D:4)
  2 adders (D:4)
  An endoplasm (D:4)
  A hobgoblin (D:4)
  A kobold (D:4)
6 creatures vanquished.

Notes
Turn   | Place    | Note
-------+----------+-------------------------------------------
     0 | D:5      | Reached skill level 9 in Stealth
     0 | D:5      | NinjaNoafa the Gnoll Delver began the quest for the Orb.
     0 | D:5      | Reached XP level 1. HP: 23/23 MP: 1/1
     1 | D:5      | Noticed a lemure
     7 | D:5      | Noticed Pikel
     8 | D:5      | Noticed a lemure
   151 | D:4      | Reached XP level 2. HP: 29/29 MP: 2/2
   343 | D:4      | Reached skill level 1 in Long Blades
   343 | D:4      | Reached skill level 1 in Axes
   343 | D:4      | Reached skill level 1 in Maces & Flails
   343 | D:4      | Reached skill level 1 in Polearms
   343 | D:4      | Reached skill level 1 in Staves
   343 | D:4      | Reached skill level 1 in Ranged Weapons
   343 | D:4      | Reached skill level 1 in Throwing
   343 | D:4      | Reached skill level 1 in Armour
   343 | D:4      | Reached skill level 1 in Shields
   343 | D:4      | Reached skill level 1 in Unarmed Combat
   343 | D:4      | Reached skill level 1 in Spellcasting
   343 | D:4      | Reached skill level 1 in Invocations
   343 | D:4      | Reached skill level 1 in Evocations
   343 | D:4      | Reached XP level 3. HP: 35/35 MP: 2/4
   381 | D:4      | Noticed Sigmund
   383 | D:4      | Noticed an ogre
   431 | D:4      | Gained mutation: You are weak. (Str -2) [potion of
                  | mutation]
   432 | D:4      | Lost mutation: You are weak. (Str -2) [potion of mutation]
   432 | D:4      | Gained mutation: You have hidden genetic potential. [potion
                  | of mutation]
   432 | D:4      | Gained mutation: Armour fits poorly on your strangely
                  | shaped body. [potion of mutation]
   432 | D:4      | Gained mutation: Your spells are a little harder to cast,
                  | but a little more powerful. [potion of mutation]
   432 | D:4      | Gained mutation: You are partially covered in iridescent
                  | scales. (AC +2) [potion of mutation]
   436 | D:4      | Mangled by an ogre

Illustrated notes

Levels and vault maps discovered:
D:4:      kennysheep_spiral_hall, layout_basic, roderic_filled_cross,
          uniq_sigmund
D:5:      layout_loops_ring, mainiacjoe_overflow_catch_the_wave, uniq_pikel

Skill      XL: |  1  2 |
---------------+-------+-----
Stealth        | |  9.6
Long Blades    | 1 |  1.0
Axes           | 1 |  1.0
Maces & Flails | 1 |  1.0
Polearms       | 1 |  1.0
Staves         | 1 |  1.0
Ranged Weapons | 1 |  1.0
Throwing       | 1 |  1.0
Armour         | 1 |  1.0
Shields        | 1 |  1.0
Unarmed Combat | 1 |  1.0
Spellcasting   | 1 |  1.0
Invocations    | 1 |  1.0
Evocations     | 1 |  1.0
Fighting       | |  6.5
Short Blades   | |  4.6
Dodging        | |  4.6
Conjurations   | |  0.7
Hexes          | |  0.7
Summonings     | |  0.7
Necromancy     | |  0.7
Translocations | |  0.7
Transmutations | |  0.7
Fire Magic     | |  0.7
Ice Magic      | |  0.7
Air Magic      | |  0.7
Earth Magic    | |  0.7
Poison Magic   | |  0.7

Action                   || total
-------------------------++-------
Melee: Short sword       ||    28
       Bite              ||     3
       Punch             ||     1
  Use: Potion            ||     5
       Scroll            ||     1
 Stab: Sleeping          ||     3
Armor: Leather armour    ||     8
Dodge: Dodged            ||    21

Table legend: (Time is in decaauts)
 A = Elapsed time spent in this place.
 B = Non-inter-level travel time spent in this place.
 C = Inter-level travel time spent in this place.
 D = Time resting spent in this place.
 E = Time spent auto-exploring this place.
 F = Levels seen in this place.
 G = Mean time per level.
                   A        B        C        D        E       F      G
               +--------+--------+--------+--------+--------+-----+--------+
         Total |    415 |    415 |      0 |      0 |    185 |   2 |  207.5 |
       Dungeon |    415 |    415 |      0 |      0 |    185 |   2 |  207.5 |
               +--------+--------+--------+--------+--------+-----+--------+

Top non-repeatable levels by time:
     D:4: 336 daAuts
     D:5: 78 daAuts
